 Seeded DCSS version 0.31-a0-204-g7da18cac08 (webtiles) character file.

Game seed: 796492165999276889 (custom seed)

63 innerfire43 the Trooper (level 3, -5/30 HPs)
             Began as a Demonspawn Monk on June 27, 2023.
             Was an Initiate of Yredelemnul.
             Killed by divine providence
             ... invoked by an orc priest
              (12 damage)
             ... on level 3 of the Dungeon.
             The game lasted 00:01:45 (1975 turns).

innerfire43 the Trooper (Demonspawn Monk)           Turns: 1975, Time: 00:01:46

Health: -5/30      AC:  7    Str: 13    XL:     3   Next: 89%
Magic:  3/3        EV: 12    Int: 11    God:    Yredelemnul [......]
Gold:   55         SH:  0    Dex: 15    Spells: 2/2 levels left

rFire   + . .        a - +0 hand axe
rCold   x . .        d - orb {light}
rNeg    . . .        k - +0 acid dragon scales
rPois   .            (helmet restricted)
rElec   .            (no cloak)
rCorr   +            p - +0 pair of gloves
SInv    .            (no boots)
Will    .....        (no amulet)
Stlth   +            l - ring of fire
HPRegen 0.25/turn    (no ring)
MPRegen 0.08/turn

%: no passive effects
@: glowing
A: antennae 1
a: Renounce Religion, Recall Undead Harvest


You were on level 3 of the Dungeon.
You worshipped Yredelemnul.
Yredelemnul was noncommittal.
You visited 1 branch of the dungeon, and saw 3 of its levels.

You collected 55 gold pieces.

Inventory:

Hand Weapons
 a - a +0 hand axe (weapon)
Armour
 b - a +0 robe
 d - an orb of light (worn)
 k - +0 acid dragon scales (worn)
 p - a +0 pair of gloves (worn)
Jewellery
 l - a ring of fire (left hand)
Scrolls
 f - a scroll of enchant weapon {unknown}
 g - a scroll of teleportation {unknown}
 h - 2 scrolls of torment {unknown}
 j - a scroll of enchant armour {unknown}
 m - a scroll of amnesia {unknown}
 n - a scroll of vulnerability {unknown}
 o - a scroll of silence {unknown}
Potions
 c - a potion of ambrosia
 e - a potion of attraction {unknown}
 i - 3 potions of heal wounds {unknown}
 q - a potion of curing {unknown}


   Skills:
 + Level 3.7 Fighting
 + Level 3.3 Axes
 + Level 3.3 Dodging


You had 2 spell levels left.
You didn't know any spells.
Your spell library was empty.

Dungeon Overview and Level Annotations

Branches:
Dungeon (3/15)

Altars:
Ru
Yredelemnul


Innate Abilities, Weirdness & Mutations

You have a pair of small antennae on your head.


Message History

You hit the orc.
The orc is lightly wounded.
The orc hits you but does no damage.
You barely miss the orc.
The orc is lightly wounded.
The orc completely misses you.
Unknown command.
You hit the orc.
You kill the orc!
The dead are walking!
Unknown command.
You hit the orc but do no damage. You barely miss the ball python.
The orc priest calls down the wrath of Beogh upon you.
Beogh smites you!
The orc hits your orc zombie with a +0 short sword.
The ball python bites you but does no damage.
The ball python barely misses you.
Your orc zombie hits the orc.
You completely miss the orc.
The orc is moderately wounded.
You hit the ball python.
You kill the ball python!
The orc hits your orc zombie with a +0 club.
Your orc zombie is destroyed!
The orc priest calls down the wrath of Beogh upon you.
Beogh smites you!
* * * LOW HITPOINT WARNING * * *
The orc closely misses you.
The orc priest looks braver for a moment.
You are too injured to fight recklessly!
Unknown command.
You are too injured to fight recklessly!
The orc hits you with a +0 short sword.
* * * LOW HITPOINT WARNING * * *
The orc priest calls upon Beogh to heal the orc.
The orc's wounds heal themselves!
The orc attacks as you move away! The orc closely misses you.
The orc priest calls down the wrath of Beogh upon you.
Beogh smites you!
You die...
Your body rises from the dead as a mindless zombie.

##########
##........# .
.........#
..###........##
.............#
#.<........#
#..........#
#...<@.....#
#....oo..(.##
#...........#
###.#.$..##..
#.#....# .
#.#o...#
[.#....#
.##....#
#......


You could see an orc priest and 2 orcs.

Vanquished Creatures
  3 adders (D:2)
  An orc (D:3)
  3 endoplasms
  2 giant cockroaches (D:2)
  7 hobgoblins
  3 kobolds
  2 quokkas
  3 ball pythons
  3 bats
  5 frilled lizards
  4 rats
36 creatures vanquished.

Vanquished Creatures (others)
  An orc zombie (D:3)
1 creature vanquished.

Grand Total: 37 creatures vanquished

Notes
Turn   | Place    | Note
-------+----------+-------------------------------------------
     0 | D:1      | innerfire43 the Demonspawn Monk began the quest for the
                  | Orb.
     0 | D:1      | Reached XP level 1. HP: 18/18 MP: 1/1
   328 | D:1      | Gained mutation: You have a pair of small antennae on your
                  | head. [demonic ancestry]
   328 | D:1      | Reached XP level 2. HP: 24/24 MP: 2/2
   998 | D:2      | Reached XP level 3. HP: 16/29 MP: 3/3
  1080 | D:2      | Found a sacrificial altar of Ru.
  1839 | D:2      | Found a faded altar of an unknown god.
  1845 | D:2      | Prayed at the altar of an unknown god.
  1845 | D:2      | Became a worshipper of Yredelemnul the Dark
  1845 | D:2      | Reached * piety under Yredelemnul
  1975 | D:3      | Killed from afar by an orc priest

Illustrated notes

Levels and vault maps discovered:
D:1:      erik_arrival_orb_chamber, layout_basic, serial_forest,
          infiniplex_forest_end_3, infiniplex_forest_clump_long,
          infiniplex_forest_clump_diagonal, infiniplex_forest_lined_3,
          infiniplex_forest_lined_room_3, infiniplex_forest_end_double,
          infiniplex_forest_clump_tiny, grunt_decor_mini_mirrors,
          wander_ebering_terrifying_dragon_lair
D:2:      layout_basic, shapermc_ecumenical_altar_petra, basic_altar
D:3:      layout_rooms

Skill      XL: |  1  2 |
---------------+-------+-----
Axes           | 3 |  3.3
Dodging        | 3 |  3.3
Fighting       | |  3.7

Action                     || total
---------------------------++-------
  Melee: Hand axe          ||   127
 Armour: Robe              ||     4
         Acid dragon scale ||    34
  Dodge: Dodged            ||    90

Table legend: (Time is in decaauts)
 A = Elapsed time spent in this place.
 B = Non-inter-level travel time spent in this place.
 C = Inter-level travel time spent in this place.
 D = Time resting spent in this place.
 E = Time spent auto-exploring this place.
 F = Levels seen in this place.
 G = Mean time per level.
                   A        B        C        D        E       F      G
               +--------+--------+--------+--------+--------+-----+--------+
         Total |   1993 |   1913 |     80 |      0 |   1495 |   3 |  664.3 |
       Dungeon |   1993 |   1913 |     80 |      0 |   1495 |   3 |  664.3 |
               +--------+--------+--------+--------+--------+-----+--------+

Top non-repeatable levels by time:
     D:2: 993 daAuts
     D:1: 986 daAuts
     D:3: 13 daAuts
